Canadiens vs Panthers
Created - March 30, 2019 at 19:34
Goals
|
Canadiens |
0 |
0 |
1 |
1 |
Panthers |
1 |
0 |
1 |
2 |
|
Shots
|
Canadiens |
9 |
4 |
13 |
26 |
Panthers |
15 |
8 |
10 |
33 |
|
1st period
1. Panthers , Alex Galchenyuk 13 (Tomas Kopecky 32, Matt Duchene 53) at 17:46
Penalties :
Enver Lisin (Mon) for Hooking (Minor) at 10:22, Jonathan Sigalet (Flo) for Cross-checking (Minor) at 10:28
2nd period
No Goal
Penalties :
Jean-Gabriel Pageau (Flo) for Roughing (Double Minor) at 9:59
3rd period
2. Panthers , Daniel Sedin 9 (Jonathan Matsumoto 13, Patrick Eaves 10) at 4:26
3. Canadiens , Raphael Diaz 9 (Steve Downie 20, Frans Nielsen 40) at 9:32 (PP)
Penalties :
Andrew Alberts (Mon) for Goalie Interference (Minor) at 1:38, Radko Gudas (Flo) for High sticking (Minor) at 9:22, Colton Parayko (Mon) for Roughing (Minor) at 17:30
Goalie Stats
Henrik Lundqvist (Mon), 31 saves from 33 shots - (0.939), L, 27-22-6, 59:33 minutes
Petr Mrazek (Flo), 25 saves from 26 shots - (0.962), W, 7-11-3, 60:00 minutes
Players Stats for Canadiens
Player Name G A P +/- PIM S H SB GA TA FO MP PP MP PK MP
------------------------------------------------------------------------------------
Andrew Alberts 0 0 0 0 2 0 2 0 1 1 0/0 16:34 0:08 1:20
Brett Maclean 0 0 0 -1 0 1 1 0 1 1 0/0 9:19 0:56 0:00
Colton Parayko 0 0 0 0 2 0 1 3 0 1 0/0 20:49 1:44 1:03
David Jones 0 0 0 0 0 0 2 2 0 0 1/1 13:02 1:29 0:00
Dustin Boyd 0 0 0 0 0 2 3 0 0 0 2/5 14:49 0:59 1:30
Enver Lisin 0 0 0 -1 2 2 1 0 0 1 0/0 10:07 1:00 0:00
Frans Nielsen 0 1 1 -1 0 2 0 1 1 0 3/13 16:45 1:47 0:03
Greg Stewart 0 0 0 0 0 1 2 1 1 0 1/1 17:43 1:27 1:06
Mark Stuart 0 0 0 -1 0 0 3 2 0 0 0/0 23:24 1:38 2:29
Nikolai Zherdev 0 0 0 0 0 1 3 1 0 0 0/0 13:56 0:00 0:00
Pierre-Marc Bouchard 0 0 0 -1 0 3 0 1 0 1 11/24 18:20 1:29 0:00
Raphael Diaz 1 0 1 -1 0 1 2 2 1 1 0/0 25:04 2:29 0:00
Scott Hartnell 0 0 0 -1 0 1 0 0 1 0 0/3 19:29 1:52 0:28
Shaone Morrisonn 0 0 0 -1 0 3 0 1 0 0 0/0 16:07 0:08 2:54
Steve Downie 0 1 1 0 0 3 2 1 0 0 2/2 20:05 1:46 2:30
Tomas Plekanec 0 0 0 -1 0 2 0 0 0 1 2/8 10:47 0:00 2:31
Viktor Stalberg 0 0 0 0 0 1 1 0 0 0 0/0 10:59 0:00 0:00
Vitaly Vishnevsky 0 0 0 -1 0 3 1 0 1 0 0/0 16:41 2:23 0:22
Players Stats for Panthers
Player Name G A P +/- PIM S H SB GA TA FO MP PP MP PK MP
------------------------------------------------------------------------------------
Alex Galchenyuk 1 0 1 1 0 6 3 1 0 0 1/2 21:25 2:27 1:13
Daniel Sedin 1 0 1 1 0 1 1 0 0 0 0/0 8:15 0:00 0:00
Drew Stafford 0 0 0 0 0 4 0 0 1 0 0/0 18:07 1:37 1:42
Eric Wellwood 0 0 0 0 0 0 0 0 0 2 0/0 10:50 0:00 0:00
Erik Christensen 0 0 0 0 0 2 1 1 2 0 5/9 12:50 0:00 1:50
Erik Gudbranson 0 0 0 0 0 1 0 1 0 2 0/0 26:50 2:47 2:19
Jean-Gabriel Pageau 0 0 0 0 4 2 1 0 0 2 5/13 16:11 1:37 0:03
Jonathan Matsumoto 0 1 1 1 0 0 2 0 0 1 3/4 8:15 0:00 0:00
Jonathan Sigalet 0 0 0 0 2 2 4 1 0 0 0/0 26:39 2:46 1:50
Kyle Clifford 0 0 0 0 0 4 4 0 0 0 0/0 16:53 1:37 1:09
Matt Duchene 0 1 1 1 0 4 0 1 2 0 20/26 21:41 2:27 1:17
Matt Irwin 0 0 0 1 0 0 1 0 0 0 0/0 18:06 1:17 0:10
Mike Weber 0 0 0 1 0 0 2 0 0 0 0/0 14:42 0:00 1:24
Patrick Eaves 0 1 1 1 0 0 0 1 2 0 0/0 8:15 0:00 0:00
Radko Gudas 0 0 0 1 2 2 0 0 0 0 0/0 20:26 1:17 2:09
Steve Quailer 0 0 0 0 0 3 1 0 0 0 0/0 11:30 0:00 1:16
Tomas Kopecky 0 1 1 1 0 2 2 1 0 0 1/3 18:58 2:27 0:00
William Colbert 0 0 0 1 0 0 0 1 0 0 0/0 13:56 0:00 0:38
3 Stars
1 - Alex Galchenyuk (Flo)
2 - Petr Mrazek (Flo)
3 - Daniel Sedin (Flo)
Power Play
Canadiens - 1 on 4 Attempt(s) - 25.00%
Panthers - 0 on 3 Attempt(s) - 0.00%
Penalty Kill
Canadiens - 3 on 3 Attempt(s) - 100.00%
- Score 0 goal in Penalty Kill
Panthers - 3 on 4 Attempt(s) - 75.00%
- Score 0 goal in Penalty Kill
Team Stat
Canadiens - Hits : 24 - Faceoff Wins : 22 - Blocked Shots : 15 - Penalty Minutes : 6
Panthers - Hits : 22 - Faceoff Wins : 35 - Blocked Shots : 8 - Penalty Minutes : 8
Official
Referees : Unknown
Linesman : Unknown
Game Notes
No Game Note
Finance
Level 1 -- Attendance: 5890 (98.17%) -- Ticket Income $518,320
Level 2 -- Attendance: 4662 (93.24%) -- Ticket Income $256,410
Level 3 -- Attendance: 1171 (58.55%) -- Ticket Income $58,550
Level 4 -- Attendance: 2699 (67.48%) -- Ticket Income $86,368
Luxury Box -- Attendance: 1000 (100.00%) -- Ticket Income $145,000
Game was played at the Bank Atlantic Cente.
Total Attendance: 15422 (85.68%)
Total Ticket Income: $1,064,648
Other Income: $159,697
Total Income: $1,224,345
Canadiens
5 vs 5 Forward
Center Left Wing Right Wing Time % Phy DF OF
1 Pierre-Marc Bouchard Scott Hartnell Steve Downie 40 0 1 4
2 Frans Nielsen Greg Stewart Nikolai Zherdev 30 0 1 4
3 Dustin Boyd Viktor Stalberg David Jones 20 0 2 3
4 Tomas Plekanec Brett Maclean Enver Lisin 10 0 3 2
5 vs 5 Defense
Defense Defense Time % Phy DF OF
1 Mark Stuart Raphael Diaz 40 0 2 3
2 Andrew Alberts Colton Parayko 30 0 2 3
3 Vitaly Vishnevsky Shaone Morrisonn 20 0 3 2
4 Colton Parayko Raphael Diaz 10 0 3 2
PowerPlay Forward
Center Left Wing Right Wing Time % Phy DF OF
1 Frans Nielsen Scott Hartnell Steve Downie 60 0 0 5
2 Pierre-Marc Bouchard Greg Stewart David Jones 40 0 0 5
PowerPlay Defense
Defense Defense Time % Phy DF OF
1 Raphael Diaz Vitaly Vishnevsky 60 0 1 4
2 Colton Parayko Mark Stuart 40 0 1 4
Penalty Kill 4 Players Forward
Center Wing Time % Phy DF OF
1 Tomas Plekanec Steve Downie 60 0 5 0
2 Dustin Boyd Scott Hartnell 40 0 5 0
Penalty Kill 4 Players Defense
Defense Defense Time % Phy DF OF
1 Shaone Morrisonn Andrew Alberts 60 1 4 0
2 Colton Parayko Mark Stuart 40 1 4 0
Penalty Kill - 3 Players Forward
Forward Time % Phy DF OF
1 Tomas Plekanec 60 0 5 0
2 Dustin Boyd 40 0 5 0
Penalty Kill - 3 Players Defense
Defense Defense Time % Phy DF OF
1 Shaone Morrisonn Andrew Alberts 60 0 5 0
2 Mark Stuart Vitaly Vishnevsky 40 0 5 0
4 vs 4 Forward
Center Wing Time % Phy DF OF
1 Pierre-Marc Bouchard Greg Stewart 60 0 2 3
2 Frans Nielsen Scott Hartnell 40 0 2 3
4 vs 4 Defense
Defense Defense Time % Phy DF OF
1 Vitaly Vishnevsky Mark Stuart 60 0 2 3
2 Colton Parayko Raphael Diaz 40 0 2 3
Last Minutes Offensive
Center Left Wing Right Wing Defense Defense
Frans Nielsen Scott Hartnell Steve Downie Vitaly Vishnevsky Raphael Diaz
Last Minutes Defensive
Center Left Wing Right Wing Defense Defense
Tomas Plekanec Scott Hartnell Steve Downie Shaone Morrisonn Colton Parayko
Goaltenders
Starting : Henrik Lundqvist
Backup : Allen York
Extra Forwards
Normal : Pierre-Marc Bouchard, Frans Nielsen, Greg Stewart - PP : Scott Hartnell, Frans Nielsen - PK : Tomas Plekanec
Extra Defensemen
Normal : Vitaly Vishnevsky, Raphael Diaz, Shaone Morrisonn - PP : Vitaly Vishnevsky - PK : Mark Stuart, Colton Parayko
Penalty Shots
Scott Hartnell, Frans Nielsen, Greg Stewart, Pierre-Marc Bouchard, Steve Downie
Scratches
Adam Pardy (Broken Bone (Right Leg) Injury), Dustin Kohn (Healthy), Marcel Goc (Healthy), Evgeny Dadonov (Suspend), Wes O'Neill (Healthy)
Panthers
5 vs 5 Forward
Center Left Wing Right Wing Time % Phy DF OF
1 Matt Duchene Alex Galchenyuk Tomas Kopecky 40 1 2 2
2 Jean-Gabriel Pageau Kyle Clifford Drew Stafford 30 1 2 2
3 Erik Christensen Eric Wellwood Steve Quailer 20 1 2 2
4 Jonathan Matsumoto Daniel Sedin Patrick Eaves 10 1 2 2
5 vs 5 Defense
Defense Defense Time % Phy DF OF
1 Erik Gudbranson Jonathan Sigalet 40 1 2 2
2 Radko Gudas Matt Irwin 30 1 2 2
3 Mike Weber William Colbert 20 1 2 2
4 Erik Gudbranson Jonathan Sigalet 10 1 2 2
PowerPlay Forward
Center Left Wing Right Wing Time % Phy DF OF
1 Matt Duchene Alex Galchenyuk Tomas Kopecky 60 1 2 2
2 Jean-Gabriel Pageau Kyle Clifford Drew Stafford 40 1 2 2
PowerPlay Defense
Defense Defense Time % Phy DF OF
1 Erik Gudbranson Jonathan Sigalet 60 1 2 2
2 Radko Gudas Matt Irwin 40 1 2 2
Penalty Kill 4 Players Forward
Center Wing Time % Phy DF OF
1 Erik Christensen Drew Stafford 60 1 2 2
2 Jean-Gabriel Pageau Kyle Clifford 40 1 2 2
Penalty Kill 4 Players Defense
Defense Defense Time % Phy DF OF
1 Erik Gudbranson Radko Gudas 60 1 2 2
2 Jonathan Sigalet Mike Weber 40 1 2 2
Penalty Kill - 3 Players Forward
Forward Time % Phy DF OF
1 Erik Christensen 60 1 2 2
2 Drew Stafford 40 1 2 2
Penalty Kill - 3 Players Defense
Defense Defense Time % Phy DF OF
1 Erik Gudbranson Radko Gudas 60 1 2 2
2 Jonathan Sigalet Mike Weber 40 1 2 2
4 vs 4 Forward
Center Wing Time % Phy DF OF
1 Matt Duchene Alex Galchenyuk 60 1 2 2
2 Jean-Gabriel Pageau Kyle Clifford 40 1 2 2
4 vs 4 Defense
Defense Defense Time % Phy DF OF
1 Erik Gudbranson Jonathan Sigalet 60 1 2 2
2 Radko Gudas Matt Irwin 40 1 2 2
Last Minutes Offensive
Center Left Wing Right Wing Defense Defense
Matt Duchene Alex Galchenyuk Tomas Kopecky Erik Gudbranson Jonathan Sigalet
Last Minutes Defensive
Center Left Wing Right Wing Defense Defense
Jean-Gabriel Pageau Kyle Clifford Drew Stafford Erik Gudbranson Jonathan Sigalet
Goaltenders
Starting : Petr Mrazek
Backup : Antti Niemi
Extra Forwards
Normal : Jean-Gabriel Pageau, Matt Duchene, Alex Galchenyuk - PP : Drew Stafford, Kyle Clifford - PK : Steve Quailer
Extra Defensemen
Normal : Radko Gudas, Erik Gudbranson, Jonathan Sigalet - PP : Mike Weber - PK : Jonathan Sigalet, Erik Gudbranson
Penalty Shots
Alex Galchenyuk, Daniel Sedin, Drew Stafford, Matt Duchene, Kyle Clifford
Scratches
Nigel Dawes (Healthy)
% Time on Ice - Canadiens
Lines # - Real PCT - Wanted PCT - Time Play
Normal Forward
1 - 34% - 40% - 16:43
2 - 28% - 30% - 13:44
3 - 22% - 20% - 10:46
4 - 17% - 10% - 8:15
Normal Defense
1 - 38% - 40% - 19:01
2 - 32% - 30% - 15:52
3 - 25% - 20% - 12:34
4 - 4% - 10% - 2:01
PP Forward
1 - 63% - 60% - 2:40
2 - 37% - 40% - 1:35
PP Defense
1 - 59% - 60% - 2:31
2 - 41% - 40% - 1:44
PK Forward
1 - 89% - 60% - 3:36
2 - 11% - 40% - 0:28
PK Defense
1 - 66% - 60% - 2:41
2 - 34% - 40% - 1:23
PK3 Forward
1 - 0% - 60%
2 - 0% - 40%
PK3 Defense
1 - 0% - 60%
2 - 0% - 40%
44 Forward
1 - 82% - 60% - 1:33
2 - 18% - 40% - 0:20
44 Defense
1 - 63% - 60% - 1:11
2 - 37% - 40% - 0:42
Last Minute Offensive - 0:20
Last Minute Defensive - 0:00
Total
Forward - 60:00
Defense - 60:00
|
% Time on Ice - Panthers
Lines # - Real PCT - Wanted PCT - Time Play
Normal Forward
1 - 35% - 40% - 17:12
2 - 28% - 30% - 13:46
3 - 21% - 20% - 10:14
4 - 17% - 10% - 8:15
Normal Defense
1 - 38% - 40% - 18:45
2 - 33% - 30% - 16:26
3 - 24% - 20% - 11:51
4 - 5% - 10% - 2:25
PP Forward
1 - 60% - 60% - 2:27
2 - 40% - 40% - 1:37
PP Defense
1 - 68% - 60% - 2:47
2 - 32% - 40% - 1:17
PK Forward
1 - 73% - 60% - 3:06
2 - 27% - 40% - 1:09
PK Defense
1 - 69% - 60% - 2:57
2 - 31% - 40% - 1:18
PK3 Forward
1 - 0% - 60%
2 - 0% - 40%
PK3 Defense
1 - 0% - 60%
2 - 0% - 40%
44 Forward
1 - 81% - 60% - 1:32
2 - 19% - 40% - 0:21
44 Defense
1 - 100% - 60% - 1:53
2 - 0% - 40% - 0:00
Last Minute Offensive - 0:00
Last Minute Defensive - 0:21
Total
Forward - 60:00
Defense - 60:00
|
Play-by-Play
1st period
0:01 of 1st period - Matt Duchene wins face-off versus Scott Hartnell in neutral zone.
0:26 of 1st period - Drew Stafford is hit by Nikolai Zherdev.
0:46 of 1st period - Snap shot by Dustin Boyd.
0:46 of 1st period - Stopped by Petr Mrazek without a rebound.
0:47 of 1st period - Erik Christensen wins face-off versus Dustin Boyd in Panthers zone.
0:47 of 1st period - Erik Christensen is hit by Viktor Stalberg.
2:18 of 1st period - Wrist shot by Viktor Stalberg.
2:18 of 1st period - Shot Hit the Post.
2:20 of 1st period - Slapshot by Vitaly Vishnevsky.
2:20 of 1st period - Stopped by Petr Mrazek with a rebound.
2:22 of 1st period - Slapshot by Shaone Morrisonn.
2:22 of 1st period - Deflect By Jonathan Sigalet.
2:22 of 1st period - Stopped by Petr Mrazek without a rebound.
2:23 of 1st period - Pierre-Marc Bouchard wins face-off versus Matt Duchene in Panthers zone.
2:40 of 1st period - Scott Hartnell is hit by Tomas Kopecky and loses puck.
2:59 of 1st period - Slapshot by Kyle Clifford.
2:59 of 1st period - Stopped by Henrik Lundqvist with a rebound.
3:01 of 1st period - Wrist shot by William Colbert.
3:01 of 1st period - Shot Blocked by Nikolai Zherdev.
3:21 of 1st period - Eric Wellwood is hit by Dustin Boyd and loses puck.
3:46 of 1st period - Wrist shot by Tomas Plekanec.
3:46 of 1st period - Shot Misses the Net.
3:59 of 1st period - Off-side.
4:00 of 1st period - Pierre-Marc Bouchard wins face-off versus Matt Duchene in neutral zone.
4:18 of 1st period - Wrist shot by Steve Downie.
4:18 of 1st period - Stopped by Petr Mrazek with a rebound.
4:24 of 1st period - Andrew Alberts is hit by Jonathan Sigalet and loses puck.
4:31 of 1st period - Wrist shot by Matt Duchene.
4:31 of 1st period - Shot Misses the Net.
5:01 of 1st period - Snap shot by Pierre-Marc Bouchard.
5:01 of 1st period - Stopped by Petr Mrazek with a rebound.
5:03 of 1st period - Slapshot by Shaone Morrisonn.
5:03 of 1st period - Deflect By Pierre-Marc Bouchard.
5:03 of 1st period - Shot Misses the Net.
5:03 of 1st period - Puck is out of play.
5:04 of 1st period - Jean-Gabriel Pageau wins face-off versus Frans Nielsen in Panthers zone.
5:15 of 1st period - Wrist shot by Jean-Gabriel Pageau.
5:15 of 1st period - Stopped by Henrik Lundqvist without a rebound.
5:16 of 1st period - Frans Nielsen wins face-off versus Jean-Gabriel Pageau in Canadiens zone.
5:21 of 1st period - Wrist shot by Kyle Clifford.
5:21 of 1st period - Stopped by Henrik Lundqvist without a rebound.
5:22 of 1st period - Jean-Gabriel Pageau wins face-off versus Frans Nielsen in Canadiens zone.
5:28 of 1st period - Icing by Matt Irwin.
5:29 of 1st period - Jean-Gabriel Pageau wins face-off versus Frans Nielsen in Panthers zone.
5:29 of 1st period - Jean-Gabriel Pageau is hit by Nikolai Zherdev.
6:19 of 1st period - Colton Parayko is hit by Steve Quailer and loses puck.
6:46 of 1st period - Off-side.
6:47 of 1st period - Tomas Plekanec wins face-off versus Matt Duchene in neutral zone.
7:04 of 1st period - Snap shot by Tomas Plekanec.
7:04 of 1st period - Shot Misses the Net.
7:10 of 1st period - Snap shot by Matt Duchene.
7:10 of 1st period - Shot Misses the Net.
7:12 of 1st period - Wrist shot by Tomas Kopecky.
7:12 of 1st period - Deflect By Shaone Morrisonn.
7:12 of 1st period - Shot Blocked by Shaone Morrisonn.
7:12 of 1st period - Puck is out of play.
7:13 of 1st period - Erik Christensen wins face-off versus Frans Nielsen in Canadiens zone.
8:11 of 1st period - Snap shot by Drew Stafford.
8:11 of 1st period - Stopped by Henrik Lundqvist with a rebound.
8:41 of 1st period - Snap shot by Erik Christensen.
8:41 of 1st period - Stopped by Henrik Lundqvist with a rebound.
8:43 of 1st period - Wrist shot by Eric Wellwood.
8:43 of 1st period - Deflect By Steve Quailer.
8:43 of 1st period - Shot Misses the Net.
8:43 of 1st period - Puck is out of play.
8:44 of 1st period - Erik Christensen wins face-off versus Frans Nielsen in Canadiens zone.
8:59 of 1st period - Snap shot by Steve Quailer.
8:59 of 1st period - Shot Misses the Net.
9:01 of 1st period - Slapshot by Steve Quailer.
9:01 of 1st period - Stopped by Henrik Lundqvist with a rebound.
9:17 of 1st period - Snap shot by Steve Quailer.
9:17 of 1st period - Stopped by Henrik Lundqvist with a rebound.
9:21 of 1st period - Wrist shot by Eric Wellwood.
9:21 of 1st period - Deflect By Erik Christensen.
9:21 of 1st period - Shot Blocked by Frans Nielsen.
9:21 of 1st period - Puck is out of play.
9:22 of 1st period - Matt Duchene wins face-off versus Pierre-Marc Bouchard in Canadiens zone.
9:48 of 1st period - Kyle Clifford is hit by Dustin Boyd and loses puck.
9:57 of 1st period - Snap shot by Kyle Clifford.
9:57 of 1st period - Shot Blocked by Mark Stuart.
10:11 of 1st period - Mark Stuart is hit by Daniel Sedin and loses puck.
10:22 of 1st period - Minor Penalty to Enver Lisin for Hooking.
10:23 of 1st period - Tomas Plekanec wins face-off versus Alex Galchenyuk in Canadiens zone.
10:28 of 1st period - Minor Penalty to Jonathan Sigalet for Cross-checking.
10:29 of 1st period - Matt Duchene wins face-off versus Pierre-Marc Bouchard in Panthers zone.
11:37 of 1st period - Snap shot by Jean-Gabriel Pageau.
11:37 of 1st period - Shot Blocked by Colton Parayko.
12:22 of 1st period - Penalty to Enver Lisin is over, Enver Lisin is back on ice.
12:28 of 1st period - Penalty to Jonathan Sigalet is over, Jonathan Sigalet is back on ice.
12:47 of 1st period - Wrist shot by Enver Lisin.
12:47 of 1st period - Stopped by Petr Mrazek with a rebound.
13:06 of 1st period - Backhand shot by Drew Stafford.
13:06 of 1st period - Stopped by Henrik Lundqvist with a rebound.
13:08 of 1st period - Snap shot by Mike Weber.
13:08 of 1st period - Deflect By Erik Christensen.
13:08 of 1st period - Shot Misses the Net.
13:08 of 1st period - Puck is out of play.
13:09 of 1st period - Jonathan Matsumoto wins face-off versus Frans Nielsen in Canadiens zone.
13:24 of 1st period - Slapshot by Vitaly Vishnevsky.
13:24 of 1st period - Deflect By Nikolai Zherdev.
13:24 of 1st period - Stopped by Petr Mrazek with a rebound.
13:34 of 1st period - Vitaly Vishnevsky is hit by Alex Galchenyuk and loses puck.
13:57 of 1st period - David Jones is hit by Jonathan Sigalet and loses puck.
14:16 of 1st period - Slapshot by Steve Quailer.
14:16 of 1st period - Shot Blocked by Greg Stewart.
14:40 of 1st period - Snap shot by Matt Duchene.
14:40 of 1st period - Stopped by Henrik Lundqvist without a rebound.
14:41 of 1st period - Greg Stewart wins face-off versus Matt Duchene in Canadiens zone.
15:38 of 1st period - Snap shot by Erik Christensen.
15:38 of 1st period - Deflect By Mark Stuart.
15:38 of 1st period - Shot Misses the Net.
15:38 of 1st period - Puck is out of play.
15:39 of 1st period - Matt Duchene wins face-off versus Pierre-Marc Bouchard in Canadiens zone.
15:40 of 1st period - Slapshot by Alex Galchenyuk.
15:40 of 1st period - Stopped by Henrik Lundqvist without a rebound.
15:41 of 1st period - Matt Duchene wins face-off versus Pierre-Marc Bouchard in Canadiens zone.
16:10 of 1st period - Slapshot by Erik Gudbranson.
16:10 of 1st period - Deflect By Drew Stafford.
16:10 of 1st period - Shot Misses the Net.
16:10 of 1st period - Puck is out of play.
16:11 of 1st period - Frans Nielsen wins face-off versus Jean-Gabriel Pageau in Canadiens zone.
17:30 of 1st period - Icing by Vitaly Vishnevsky.
17:31 of 1st period - Matt Duchene wins face-off versus Tomas Plekanec in Canadiens zone.
17:32 of 1st period - Wrist shot by Alex Galchenyuk.
17:32 of 1st period - Shot Misses the Net.
17:34 of 1st period - Slapshot by Radko Gudas.
17:34 of 1st period - Stopped by Henrik Lundqvist with a rebound.
17:36 of 1st period - Snap shot by Alex Galchenyuk.
17:36 of 1st period - Stopped by Henrik Lundqvist with a rebound.
17:38 of 1st period - Snap shot by Matt Duchene.
17:38 of 1st period - Shot Misses the Net.
17:40 of 1st period - Snap shot by Alex Galchenyuk.
17:40 of 1st period - Stopped by Henrik Lundqvist with a rebound.
17:42 of 1st period - Snap shot by Tomas Kopecky.
17:42 of 1st period - Shot Misses the Net.
17:44 of 1st period - Snap shot by Alex Galchenyuk.
17:44 of 1st period - Stopped by Henrik Lundqvist with a rebound.
17:46 of 1st period - Slapshot by Alex Galchenyuk.
17:46 of 1st period - Goal by Alex Galchenyuk - Canadiens : 0 - Panthers : 1.
17:47 of 1st period - Pierre-Marc Bouchard wins face-off versus Jean-Gabriel Pageau in neutral zone.
17:58 of 1st period - Snap shot by Pierre-Marc Bouchard.
17:58 of 1st period - Stopped by Petr Mrazek with a rebound.
18:12 of 1st period - Erik Gudbranson is hit by Raphael Diaz and loses puck.
19:00 of 1st period - Snap shot by Steve Quailer.
19:00 of 1st period - Shot Misses the Net.
19:24 of 1st period - Snap shot by Jean-Gabriel Pageau.
19:24 of 1st period - Shot Blocked by Pierre-Marc Bouchard.
19:43 of 1st period - Snap shot by Frans Nielsen.
19:43 of 1st period - Shot Misses the Net.
19:45 of 1st period - Slapshot by Shaone Morrisonn.
19:45 of 1st period - Stopped by Petr Mrazek with a rebound.
19:47 of 1st period - Slapshot by Shaone Morrisonn.
19:47 of 1st period - Shot Blocked by Matt Duchene.
19:58 of 1st period - Icing by Daniel Sedin.
19:59 of 1st period - Jonathan Matsumoto wins face-off versus Dustin Boyd in Panthers zone.
Goals for this period are 0 for Canadiens vs 1 for Panthers.
Shots for this period are 9 for Canadiens vs 15 for Panthers.
2nd period
0:01 of 2nd period - Pierre-Marc Bouchard wins face-off versus Jean-Gabriel Pageau in neutral zone.
0:03 of 2nd period - Raphael Diaz is hit by Jonathan Sigalet and loses puck.
0:12 of 2nd period - Wrist shot by Kyle Clifford.
0:12 of 2nd period - Stopped by Henrik Lundqvist with a rebound.
0:14 of 2nd period - Snap shot by Jonathan Sigalet.
0:14 of 2nd period - Deflect By Kyle Clifford.
0:14 of 2nd period - Shot Misses the Net.
0:14 of 2nd period - Puck is out of play.
0:15 of 2nd period - Matt Duchene wins face-off versus Frans Nielsen in Canadiens zone.
0:42 of 2nd period - Alex Galchenyuk is hit by David Jones.
0:54 of 2nd period - Snap shot by Matt Duchene.
0:54 of 2nd period - Shot Misses the Net.
0:56 of 2nd period - Snap shot by Erik Gudbranson.
0:56 of 2nd period - Stopped by Henrik Lundqvist without a rebound.
0:57 of 2nd period - Pierre-Marc Bouchard wins face-off versus Jean-Gabriel Pageau in Canadiens zone.
0:57 of 2nd period - Pierre-Marc Bouchard is hit by Kyle Clifford.
1:27 of 2nd period - Snap shot by Eric Wellwood.
1:27 of 2nd period - Shot Misses the Net.
1:29 of 2nd period - Slapshot by Steve Quailer.
1:29 of 2nd period - Shot Misses the Net.
1:31 of 2nd period - Slapshot by Steve Quailer.
1:31 of 2nd period - Deflect By Erik Christensen.
1:31 of 2nd period - Shot Misses the Net.
1:31 of 2nd period - Puck is out of play.
1:32 of 2nd period - Matt Duchene wins face-off versus Pierre-Marc Bouchard in Canadiens zone.
1:59 of 2nd period - Kyle Clifford is hit by Greg Stewart and loses puck.
2:08 of 2nd period - Snap shot by Greg Stewart.
2:08 of 2nd period - Shot Misses the Net.
2:10 of 2nd period - Wrist shot by Greg Stewart.
2:10 of 2nd period - Shot Hit the Post.
2:30 of 2nd period - Slapshot by Brett Maclean.
2:30 of 2nd period - Shot Blocked by Erik Gudbranson.
2:32 of 2nd period - Slapshot by Shaone Morrisonn.
2:32 of 2nd period - Shot Misses the Net.
2:34 of 2nd period - Slapshot by Vitaly Vishnevsky.
2:34 of 2nd period - Shot Misses the Net.
3:06 of 2nd period - Wrist shot by Steve Quailer.
3:06 of 2nd period - Stopped by Henrik Lundqvist without a rebound.
3:07 of 2nd period - Pierre-Marc Bouchard wins face-off versus Erik Christensen in Canadiens zone.
3:55 of 2nd period - Snap shot by Daniel Sedin.
3:55 of 2nd period - Shot Blocked by David Jones.
4:40 of 2nd period - Snap shot by Tomas Plekanec.
4:40 of 2nd period - Stopped by Petr Mrazek with a rebound.
5:24 of 2nd period - Off-side.
5:25 of 2nd period - Alex Galchenyuk wins face-off versus Scott Hartnell in neutral zone.
5:36 of 2nd period - Wrist shot by Matt Duchene.
5:36 of 2nd period - Stopped by Henrik Lundqvist with a rebound.
6:18 of 2nd period - Slapshot by Jonathan Sigalet.
6:18 of 2nd period - Deflect By Steve Quailer.
6:18 of 2nd period - Shot Misses the Net.
6:18 of 2nd period - Puck is out of play.
6:19 of 2nd period - Matt Duchene wins face-off versus Tomas Plekanec in Canadiens zone.
6:22 of 2nd period - Backhand shot by Matt Duchene.
6:22 of 2nd period - Stopped by Henrik Lundqvist with a rebound.
6:32 of 2nd period - Slapshot by Andrew Alberts.
6:32 of 2nd period - Shot Blocked by Tomas Kopecky.
6:34 of 2nd period - Wrist shot by Tomas Plekanec.
6:34 of 2nd period - Stopped by Petr Mrazek without a rebound.
6:35 of 2nd period - Jean-Gabriel Pageau wins face-off versus Scott Hartnell in Panthers zone.
7:02 of 2nd period - Radko Gudas is hit by Andrew Alberts and loses puck.
7:31 of 2nd period - Slapshot by Viktor Stalberg.
7:31 of 2nd period - Stopped by Petr Mrazek without a rebound.
7:32 of 2nd period - Pierre-Marc Bouchard wins face-off versus Tomas Kopecky in Panthers zone.
7:43 of 2nd period - Snap shot by Pierre-Marc Bouchard.
7:43 of 2nd period - Shot Misses the Net.
9:25 of 2nd period - Matt Duchene is hit by Dustin Boyd and loses puck.
9:32 of 2nd period - Slapshot by Radko Gudas.
9:32 of 2nd period - Shot Blocked by David Jones.
9:34 of 2nd period - Wrist shot by Alex Galchenyuk.
9:34 of 2nd period - Stopped by Henrik Lundqvist with a rebound.
9:36 of 2nd period - Slapshot by Jonathan Sigalet.
9:36 of 2nd period - Stopped by Henrik Lundqvist without a rebound.
9:37 of 2nd period - Pierre-Marc Bouchard wins face-off versus Jean-Gabriel Pageau in Canadiens zone.
9:37 of 2nd period - Pierre-Marc Bouchard is hit by Kyle Clifford.
9:51 of 2nd period - Snap shot by Scott Hartnell.
9:51 of 2nd period - Stopped by Petr Mrazek with a rebound.
9:53 of 2nd period - Wrist shot by Pierre-Marc Bouchard.
9:53 of 2nd period - Shot Misses the Net.
9:59 of 2nd period - Double Minor Penalty to Jean-Gabriel Pageau for Roughing.
10:00 of 2nd period - Erik Christensen wins face-off versus Frans Nielsen in Panthers zone.
12:07 of 2nd period - Erik Gudbranson is hit by Colton Parayko and loses puck.
13:10 of 2nd period - William Colbert is hit by Brett Maclean.
13:38 of 2nd period - Alex Galchenyuk is hit by Raphael Diaz and loses puck.
13:59 of 2nd period - Penalty to Jean-Gabriel Pageau is over, Jean-Gabriel Pageau is back on ice.
14:31 of 2nd period - Pierre-Marc Bouchard is hit by Mike Weber and loses puck.
15:11 of 2nd period - Erik Christensen is hit by Enver Lisin.
15:23 of 2nd period - Vitaly Vishnevsky is hit by Matt Irwin and loses puck.
15:42 of 2nd period - Greg Stewart is hit by Alex Galchenyuk and loses puck.
16:04 of 2nd period - David Jones is hit by Jonathan Matsumoto and loses puck.
16:21 of 2nd period - Raphael Diaz is hit by Erik Christensen and loses puck.
16:56 of 2nd period - Snap shot by Erik Gudbranson.
16:56 of 2nd period - Shot Blocked by Colton Parayko.
17:35 of 2nd period - Matt Irwin is hit by Steve Downie and loses puck.
18:07 of 2nd period - Andrew Alberts is hit by Tomas Kopecky and loses puck.
18:22 of 2nd period - Viktor Stalberg is hit by Jonathan Matsumoto and loses puck.
18:37 of 2nd period - Shaone Morrisonn is hit by Kyle Clifford and loses puck.
18:44 of 2nd period - Snap shot by Drew Stafford.
18:44 of 2nd period - Stopped by Henrik Lundqvist without a rebound.
18:45 of 2nd period - David Jones wins face-off versus Erik Christensen in Canadiens zone.
19:25 of 2nd period - Nikolai Zherdev is hit by Mike Weber and loses puck.
Goals for this period are 0 for Canadiens vs 0 for Panthers.
Shots for this period are 4 for Canadiens vs 8 for Panthers.
3rd period
0:01 of 3rd period - Matt Duchene wins face-off versus Pierre-Marc Bouchard in neutral zone.
0:03 of 3rd period - Off-side.
0:04 of 3rd period - Tomas Kopecky wins face-off versus Pierre-Marc Bouchard in neutral zone.
0:10 of 3rd period - Off-side.
0:11 of 3rd period - Matt Duchene wins face-off versus Pierre-Marc Bouchard in neutral zone.
1:04 of 3rd period - Wrist shot by Dustin Boyd.
1:04 of 3rd period - Stopped by Petr Mrazek with a rebound.
1:38 of 3rd period - Minor Penalty to Andrew Alberts for Goalie Interference.
1:39 of 3rd period - Matt Duchene wins face-off versus Tomas Plekanec in Canadiens zone.
1:48 of 3rd period - Wrist shot by Matt Duchene.
1:48 of 3rd period - Stopped by Henrik Lundqvist with a rebound.
1:50 of 3rd period - Backhand shot by Jonathan Sigalet.
1:50 of 3rd period - Stopped by Henrik Lundqvist without a rebound.
1:51 of 3rd period - Matt Duchene wins face-off versus Tomas Plekanec in Canadiens zone.
1:54 of 3rd period - Snap shot by Tomas Kopecky.
1:54 of 3rd period - Stopped by Henrik Lundqvist without a rebound.
1:55 of 3rd period - Matt Duchene wins face-off versus Tomas Plekanec in Canadiens zone.
2:59 of 3rd period - Mark Stuart is hit by Kyle Clifford and loses puck.
3:38 of 3rd period - Penalty to Andrew Alberts is over, Andrew Alberts is back on ice.
3:46 of 3rd period - Eric Wellwood is hit by Nikolai Zherdev and loses puck.
4:03 of 3rd period - Slapshot by Scott Hartnell.
4:03 of 3rd period - Deflect By Jonathan Sigalet.
4:03 of 3rd period - Shot Blocked by Jonathan Sigalet.
4:03 of 3rd period - Puck is out of play.
4:04 of 3rd period - Jonathan Matsumoto wins face-off versus Pierre-Marc Bouchard in Panthers zone.
4:09 of 3rd period - Snap shot by Jonathan Matsumoto.
4:09 of 3rd period - Shot Misses the Net.
4:22 of 3rd period - Wrist shot by Patrick Eaves.
4:22 of 3rd period - Shot Misses the Net.
4:24 of 3rd period - Snap shot by Jonathan Matsumoto.
4:24 of 3rd period - Shot Misses the Net.
4:26 of 3rd period - Snap shot by Daniel Sedin.
4:26 of 3rd period - Goal by Daniel Sedin - Canadiens : 0 - Panthers : 2.
4:27 of 3rd period - Matt Duchene wins face-off versus Pierre-Marc Bouchard in neutral zone.
4:36 of 3rd period - Steve Downie is hit by Alex Galchenyuk and loses puck.
5:14 of 3rd period - Icing by Eric Wellwood.
5:15 of 3rd period - Erik Christensen wins face-off versus Dustin Boyd in Panthers zone.
5:24 of 3rd period - Wrist shot by David Jones.
5:24 of 3rd period - Shot Misses the Net.
5:26 of 3rd period - Slapshot by Shaone Morrisonn.
5:26 of 3rd period - Stopped by Petr Mrazek with a rebound.
5:28 of 3rd period - Snap shot by Dustin Boyd.
5:28 of 3rd period - Shot Misses the Net.
5:30 of 3rd period - Slapshot by Viktor Stalberg.
5:30 of 3rd period - Shot Misses the Net.
5:48 of 3rd period - Slapshot by Pierre-Marc Bouchard.
5:48 of 3rd period - Stopped by Petr Mrazek with a rebound.
6:08 of 3rd period - Snap shot by Greg Stewart.
6:08 of 3rd period - Stopped by Petr Mrazek with a rebound.
6:10 of 3rd period - Slapshot by Vitaly Vishnevsky.
6:10 of 3rd period - Stopped by Petr Mrazek with a rebound.
6:12 of 3rd period - Slapshot by Vitaly Vishnevsky.
6:12 of 3rd period - Stopped by Petr Mrazek with a rebound.
6:36 of 3rd period - Snap shot by Drew Stafford.
6:36 of 3rd period - Stopped by Henrik Lundqvist with a rebound.
6:38 of 3rd period - Backhand shot by Radko Gudas.
6:38 of 3rd period - Shot Misses the Net.
6:40 of 3rd period - Wrist shot by Radko Gudas.
6:40 of 3rd period - Shot Misses the Net.
6:42 of 3rd period - Snap shot by Drew Stafford.
6:42 of 3rd period - Shot Misses the Net.
6:46 of 3rd period - Wrist shot by Kyle Clifford.
6:46 of 3rd period - Shot Misses the Net.
6:48 of 3rd period - Snap shot by Kyle Clifford.
6:48 of 3rd period - Shot Misses the Net.
6:50 of 3rd period - Slapshot by Kyle Clifford.
6:50 of 3rd period - Stopped by Henrik Lundqvist without a rebound.
6:51 of 3rd period - Matt Duchene wins face-off versus Pierre-Marc Bouchard in Canadiens zone.
7:06 of 3rd period - Slapshot by Steve Downie.
7:06 of 3rd period - Stopped by Petr Mrazek with a rebound.
8:05 of 3rd period - Patrick Eaves is hit by Mark Stuart and loses puck.
8:12 of 3rd period - Slapshot by Jonathan Sigalet.
8:12 of 3rd period - Deflect By Patrick Eaves.
8:12 of 3rd period - Shot Misses the Net.
8:12 of 3rd period - Puck is out of play.
8:13 of 3rd period - Steve Downie wins face-off versus Jean-Gabriel Pageau in Canadiens zone.
8:13 of 3rd period - Steve Downie is hit by Jonathan Sigalet.
8:25 of 3rd period - Slapshot by Scott Hartnell.
8:25 of 3rd period - Shot Misses the Net.
9:05 of 3rd period - Wrist shot by David Jones.
9:05 of 3rd period - Shot Blocked by Alex Galchenyuk.
9:22 of 3rd period - Minor Penalty to Radko Gudas for High sticking.
9:23 of 3rd period - Steve Downie wins face-off versus Erik Christensen in Panthers zone.
9:26 of 3rd period - Wrist shot by Steve Downie.
9:26 of 3rd period - Shot Blocked by Erik Christensen.
9:28 of 3rd period - Wrist shot by Frans Nielsen.
9:28 of 3rd period - Shot Misses the Net.
9:30 of 3rd period - Snap shot by Steve Downie.
9:30 of 3rd period - Stopped by Petr Mrazek with a rebound.
9:32 of 3rd period - Backhand shot by Raphael Diaz.
9:32 of 3rd period - Goal by Raphael Diaz - Canadiens : 1 - Panthers : 2.
9:33 of 3rd period - Matt Duchene wins face-off versus Pierre-Marc Bouchard in neutral zone.
9:36 of 3rd period - Backhand shot by Erik Gudbranson.
9:36 of 3rd period - Shot Blocked by Raphael Diaz.
9:59 of 3rd period - Jean-Gabriel Pageau is hit by Mark Stuart and loses puck.
10:08 of 3rd period - Wrist shot by Kyle Clifford.
10:08 of 3rd period - Deflect By Mark Stuart.
10:08 of 3rd period - Shot Blocked by Mark Stuart.
10:08 of 3rd period - Puck is out of play.
10:09 of 3rd period - Matt Duchene wins face-off versus Pierre-Marc Bouchard in Canadiens zone.
10:10 of 3rd period - Snap shot by Tomas Kopecky.
10:10 of 3rd period - Shot Blocked by Steve Downie.
10:12 of 3rd period - Slapshot by Radko Gudas.
10:12 of 3rd period - Stopped by Henrik Lundqvist without a rebound.
10:13 of 3rd period - Pierre-Marc Bouchard wins face-off versus Matt Duchene in Canadiens zone.
10:39 of 3rd period - Off-side.
10:40 of 3rd period - Frans Nielsen wins face-off versus Jean-Gabriel Pageau in neutral zone.
10:55 of 3rd period - Snap shot by Frans Nielsen.
10:55 of 3rd period - Stopped by Petr Mrazek without a rebound.
10:56 of 3rd period - Pierre-Marc Bouchard wins face-off versus Matt Duchene in Panthers zone.
11:21 of 3rd period - Icing by Jean-Gabriel Pageau.
11:22 of 3rd period - Jean-Gabriel Pageau wins face-off versus Frans Nielsen in Panthers zone.
11:35 of 3rd period - Slapshot by Jean-Gabriel Pageau.
11:35 of 3rd period - Stopped by Henrik Lundqvist with a rebound.
11:37 of 3rd period - Slapshot by Jonathan Sigalet.
11:37 of 3rd period - Shot Blocked by Colton Parayko.
11:47 of 3rd period - Matt Duchene is hit by Steve Downie and loses puck.
12:10 of 3rd period - William Colbert is hit by David Jones and loses puck.
12:29 of 3rd period - Backhand shot by Erik Christensen.
12:29 of 3rd period - Shot Blocked by Raphael Diaz.
14:44 of 3rd period - Snap shot by Erik Christensen.
14:44 of 3rd period - Shot Misses the Net.
14:46 of 3rd period - Wrist shot by Eric Wellwood.
14:46 of 3rd period - Shot Misses the Net.
14:48 of 3rd period - Wrist shot by Eric Wellwood.
14:48 of 3rd period - Shot Misses the Net.
14:50 of 3rd period - Snap shot by Erik Christensen.
14:50 of 3rd period - Stopped by Henrik Lundqvist with a rebound.
15:36 of 3rd period - Wrist shot by Tomas Plekanec.
15:36 of 3rd period - Shot Blocked by Patrick Eaves.
15:38 of 3rd period - Snap shot by Brett Maclean.
15:38 of 3rd period - Shot Misses the Net.
15:40 of 3rd period - Snap shot by Brett Maclean.
15:40 of 3rd period - Stopped by Petr Mrazek with a rebound.
15:42 of 3rd period - Slapshot by Mark Stuart.
15:42 of 3rd period - Shot Blocked by William Colbert.
15:44 of 3rd period - Snap shot by Enver Lisin.
15:44 of 3rd period - Stopped by Petr Mrazek with a rebound.
16:21 of 3rd period - Matt Irwin is hit by Mark Stuart and loses puck.
17:09 of 3rd period - Icing by Jonathan Sigalet.
17:10 of 3rd period - Dustin Boyd wins face-off versus Jonathan Matsumoto in Panthers zone.
17:27 of 3rd period - Snap shot by Erik Gudbranson.
17:27 of 3rd period - Deflect By Jonathan Matsumoto.
17:27 of 3rd period - Shot Hit the Post.
17:27 of 3rd period - Puck is out of play.
17:28 of 3rd period - Pierre-Marc Bouchard wins face-off versus Erik Christensen in Canadiens zone.
17:30 of 3rd period - Minor Penalty to Colton Parayko for Roughing.
17:31 of 3rd period - Matt Duchene wins face-off versus Tomas Plekanec in Canadiens zone.
17:31 of 3rd period - Wrist shot by Tomas Kopecky.
17:31 of 3rd period - Stopped by Henrik Lundqvist with a rebound.
17:33 of 3rd period - Wrist shot by Tomas Kopecky.
17:33 of 3rd period - Shot Misses the Net.
17:35 of 3rd period - Wrist shot by Matt Duchene.
17:35 of 3rd period - Shot Misses the Net.
18:03 of 3rd period - Steve Downie is hit by Jean-Gabriel Pageau.
18:27 of 3rd period - Matt Duchene is hit by Andrew Alberts.
19:00 of 3rd period - Icing by Tomas Kopecky.
19:01 of 3rd period - Dustin Boyd wins face-off versus Tomas Kopecky in Panthers zone.
19:30 of 3rd period - Penalty to Colton Parayko is over, Colton Parayko is back on ice.
19:30 of 3rd period - Matt Irwin is hit by Greg Stewart and loses puck.
19:33 of 3rd period - Canadiens, Henrik Lundqvist is pulled from the net.
19:47 of 3rd period - Wrist shot by Frans Nielsen.
19:47 of 3rd period - Shot Misses the Net.
19:49 of 3rd period - Slapshot by Raphael Diaz.
19:49 of 3rd period - Shot Misses the Net.
19:51 of 3rd period - Snap shot by Frans Nielsen.
19:51 of 3rd period - Stopped by Petr Mrazek without a rebound.
19:52 of 3rd period - Guy Carbonneau call a timeout for Canadiens.
19:52 of 3rd period - Matt Duchene wins face-off versus Frans Nielsen in Panthers zone.
19:52 of 3rd period - Matt Duchene is hit by Vitaly Vishnevsky.
Goals for this period are 1 for Canadiens vs 1 for Panthers.
Shots for this period are 13 for Canadiens vs 10 for Panthers.
Back to the Top